 Dungeon Crawl Stone Soup version 0.27.1-37-g7b29ead8ac (console) character file.

Game seed: 9384897360307300667

112 grimtooth the Chiller (level 4, -2/33 HPs)
             Began as a Demigod Ice Elementalist on Mar 24, 2023.
             Slain by a gnoll (10 damage)
             ... on level 3 of the Dungeon.
             The game lasted 00:10:15 (2402 turns).

grimtooth the Chiller (Demigod Ice Elementalist)    Turns: 2402, Time: 00:10:17

Health: -2/33      AC:  2    Str:  9    XL:     4   Next: 38%
Magic:  0/9        EV:  6    Int: 21    God:
Gold:   94         SH:  0    Dex: 14    Spells: 2/6 levels left

rFire    + . .     SeeInvis .   f - +0 dagger
rCold    . . .     Faith    .   (no shield)
rNeg     . . .     Spirit   .   a - +0 robe
rPois    +         Reflect  .   (no helmet)
rElec    .         Harm     .   (no cloak)
rCorr    .         Rampage  .   (no gloves)
Will     .....                  (no boots)
Stlth    ++........             o - amulet of the acrobat
HPRegen  0.11/turn              d - ring of poison resistance
MPRegen  0.11/turn              l - ring of protection from fire

@: very slightly contaminated, held
A: high mp 1, forlorn
a: no special abilities


You were on level 3 of the Dungeon.
You visited 1 branch of the dungeon, and saw 3 of its levels.

You collected 94 gold pieces.

Inventory:

Hand Weapons
 f - a +0 dagger (weapon)
Missiles
 b - 56 stones (quivered)
 e - 12 boomerangs
 g - 5 curare-tipped darts
Armour
 a - a +0 robe (worn)
Magical Staves
 k - a staff of fire
Jewellery
 d - a ring of poison resistance (left hand)
 l - a ring of protection from fire (right hand)
 o - an amulet of the acrobat (around neck)
Scrolls
 c - a scroll of enchant weapon {unknown}
 h - 3 scrolls of acquirement {unknown}
 j - 3 scrolls of teleportation {unknown}
 m - a scroll of noise {unknown}
 n - a scroll of blinking {unknown}
Potions
 i - 2 potions of attraction {unknown}
 p - a potion of haste


   Skills:
 - Level 1.7 Dodging
 - Level 1.7 Stealth
 - Level 1.7 Spellcasting
 + Level 5.5 Ice Magic


You had 2 spell levels left.
You knew the following spells:

 Your Spells              Type           Power      Damage    Failure   Level
a - Freeze                Ice            100%       1d11      1%          1
b - Frozen Ramparts       Ice            50%        1d7       4%          3

Your spell library contained the following spells:

 Spells                   Type           Power      Damage    Failure   Level
 Sting                    Tmut/Pois      4%         1d3       16%         1
 Poisonous Vapours        Pois/Air       2%         N/A       22%         2
 Ozocubu's Armour         Ice            25%        N/A       4%          3
 Hailstorm                Conj/Ice       13%        3d5       43%         4
 Olgreb's Toxic Radiance  Pois           1%         N/A       83%         4


Dungeon Overview and Level Annotations

Branches:
Dungeon (3/15)


Innate Abilities, Weirdness & Mutations

Your attributes grow dramatically as you level up.
You have an increased reservoir of magic. (+10% MP)
You shall have no god before yourself.


Message History

The throwing net hits you.
You become entangled in the net!
Press: ? - help, v - describe, . - travel, g - get item
Here: a gnoll, wielding a +0 flail of holy wrath (lightly wounded, fast)
Items here: $ ( ) ?.
The floor.
Casting: Freeze (safe; 1% risk of failure)
Confirm with . or Enter, or press ? or * to list all spells.
Casting: Frozen Ramparts (dangerous; 4% risk of failure)
Press: ? - help, Dir - look around, f - activate You miscast Frozen Ramparts.
You are very lightly contaminated with residual magic.
Nothing appears to happen.
Casting: Frozen Ramparts (dangerous; 4% risk of failure)
Confirm with . or Enter, or press ? or * to list all spells.
Aiming: Freeze (safe; 1% risk of failure)
Press: ? - help, Shift-Dir - straight line, f - gnoll
Aim: a gnoll, wielding a +0 flail of holy wrath (lightly wounded, fast)
You freeze the gnoll.
The gnoll is heavily wounded.
The gnoll hits you with a +0 flail of holy wrath!
The gnoll hits you with a +0 flail of holy wrath.
Casting: Freeze (safe; 1% risk of failure)
Confirm with . or Enter, or press ? or * to list all spells.
Aiming: Freeze (safe; 1% risk of failure)
Press: ? - help, Shift-Dir - straight line, f/p - gnoll
Aim: a gnoll, wielding a +0 flail of holy wrath (heavily wounded, fast)
You freeze the gnoll.
The gnoll is heavily wounded.
The gnoll hits you with a +0 flail of holy wrath!
* * * LOW HITPOINT WARNING * * *
Casting: Freeze (safe; 1% risk of failure)
Confirm with . or Enter, or press ? or * to list all spells.
Aiming: Freeze (safe; 1% risk of failure)
Press: ? - help, Shift-Dir - straight line, f/p - gnoll
Aim: a gnoll, wielding a +0 flail of holy wrath (heavily wounded, fast)
You freeze the gnoll.
The gnoll is severely wounded.
The gnoll hits you but does no damage.
The gnoll hits you with a +0 flail of holy wrath!
You die...

#.##.##............
#.##..#..#.##.....#
#.###.#........(..#
#.# #.....(.......#
#.# ##..##..... #.#
#..##(#### #..##.#####
.###.
#....(........... #
#.#.#)##.##.....
#.##.#.#g##.##.....
.#....#..@##.##..####.
......................
#######..>.........#
#.####.....###
#..........#
#.#######.##
#.........#
#.#######.#
#......)..#
###########


You could see a gnoll (fast).

Vanquished Creatures
  An iguana (D:2)
  3 gnolls (D:3)
  An adder (D:3)
  A dart slug (D:1)
  2 orcs
  4 endoplasms
  2 giant cockroaches (D:2)
  7 goblins
  6 hobgoblins
  A quokka (D:3)
  4 ball pythons
  3 bats
  2 frilled lizards
  3 kobolds
  4 rats
44 creatures vanquished.

Notes
Turn   | Place    | Note
-------+----------+-------------------------------------------
     0 | D:1      | grimtooth the Demigod Ice Elementalist began the quest for
                  | the Orb.
     0 | D:1      | Reached XP level 1. HP: 14/14 MP: 5/5
   177 | D:1      | Reached skill level 4 in Ice Magic
   496 | D:1      | Reached XP level 2. HP: 20/20 MP: 5/7
  1552 | D:2      | Reached skill level 5 in Ice Magic
  1552 | D:2      | Reached XP level 3. HP: 19/26 MP: 3/8
  1994 | D:3      | Learned a level 3 spell: Frozen Ramparts
  2235 | D:3      | Reached XP level 4. HP: 25/33 MP: 5/9
  2402 | D:3      | Slain by a gnoll

Illustrated notes

Levels and vault maps discovered:
D:1:      dpeg_arrival_stonehenge_8_columns, layout_loops_ring, serial_rivers,
          chequers_serial_rivers_room_a, chequers_serial_rivers_marsh,
          chequers_serial_rivers_micro_d, chequers_serial_rivers_small_b
D:2:      layout_basic, minmay_box_of_dots
D:3:      layout_basic

Skill      XL: |  1  2 |
---------------+-------+-----
Ice Magic      | 4 5 |  5.5
Dodging        | |  1.7
Stealth        | |  1.7
Spellcasting   | |  1.7

Action                   |  1- 3 |  4- 6 || total
-------------------------+-------+-------++-------
Melee: Unarmed           |     1 |       ||     1
       Dagger            |     1 |       ||     1
Throw: Stone             |    19 |     8 ||    27
 Cast: Freeze            |    65 |     7 ||    72
       Frozen Ramparts   |       |     1 ||     1
Armor: Robe              |     9 |     1 ||    10
Dodge: Dodged            |    22 |     1 ||    23
